 Dungeon Crawl Stone Soup version 0.31-a0-196-g86fe4a5e66 (webtiles) character file.

Game seed: 13961085051662740699

192 gelatine the Chopper (level 5, -2/41 HPs)
             Began as a Demonspawn Fighter on June 25, 2023.
             Succumbed to Edmund's poison
             ... on level 4 of the Dungeon.
             The game lasted 00:07:58 (2310 turns).

gelatine the Chopper (Demonspawn Fighter)           Turns: 2310, Time: 00:07:59

Health: -2/41      AC:  9    Str: 19    XL:     5   Next: 42%
Magic:  5/5        EV:  9    Int:  9    God:
Gold:   134        SH:  4    Dex: 12    Spells: 4/4 levels left

rFire   + + .        a - +0 war axe
rCold   + + .        c - +0 buckler
rNeg    . . .        b - +0 scale mail
rPois   +            (no helmet)
rElec   +            q - +0 cloak
rCorr   +            o - +0 pair of gloves
SInv    .            (no boots)
Will    .....        p - amulet of regeneration Stlth
                     h - ring of protection from fire
HPRegen 1.06/turn    s - ring of protection from cold
MPRegen 0.09/turn

%: no passive effects
@: lethally poisoned (-2 -> -16), resistant
A: spiny 1, demonic touch 1
a: no special abilities


You were on level 4 of the Dungeon.
You visited 1 branch of the dungeon, and saw 4 of its levels.

You collected 162 gold pieces.
You spent 28 gold pieces at shops.

Inventory:

Hand Weapons
 a - a +0 war axe (weapon)
Missiles
 x - 3 poisoned darts (quivered)
Armour
 b - a +0 scale mail (worn)
 c - a +0 buckler (worn)
 o - a +0 pair of gloves (worn)
 q - a +0 cloak (worn)
Jewellery
 h - a ring of protection from fire (left hand)
 n - an amulet of the acrobat
 p - an amulet of regeneration (around neck)
 s - a ring of protection from cold (right hand)
 v - a ring of protection from cold
 z - an amulet of reflection
Scrolls
 k - a scroll of summoning {unknown}
 l - a scroll of fear {unknown}
 m - a scroll of vulnerability {unknown}
 r - 2 scrolls of blinking {unknown}
 t - 2 scrolls of fog {unknown}
 u - a scroll of enchant armour {unknown}
 w - a scroll of noise {unknown}
 y - a scroll of teleportation {unknown}
Potions
 d - a potion of might
 e - a potion of enlightenment
 f - 3 potions of lignification
 g - 2 potions of berserk rage
 j - a potion of resistance


   Skills:
 * Level 3.5 Fighting
 * Level 3.7 Axes
 * Level 3.3 Armour
 * Level 0.9 Dodging
 * Level 3.3 Shields


You had 4 spell levels left.
You didn't know any spells.
Your spell library was empty.

Dungeon Overview and Level Annotations

Branches:
Dungeon (4/15)
 Temple: D:4-7

Altars:
Kikubaaqudgha
Trog

Shops:
D:3 ?

Annotations:
D:4 Edmund


Innate Abilities, Weirdness & Mutations

You are partially covered in sharp spines.
Your touch may inflict minor irresistible damage on your foes.


Message History

The hobgoblin is struck by your spines.
The hobgoblin hits you but does no damage.
You closely miss the hobgoblin.
The hobgoblin is moderately wounded.
Edmund is no longer moving slowly.
You block the hobgoblin's attack. The hobgoblin hits you.
You closely miss the hobgoblin.
The hobgoblin is moderately wounded.
You hit Edmund but do no damage. Edmund barely misses you.
The hobgoblin barely misses you.
You hit the hobgoblin but do no damage.
The hobgoblin is moderately wounded.
You hit Edmund.
Edmund hits you with a +0 dire flail of venom.
You are poisoned.
The hobgoblin hits you. Edmund is struck by your spines.
Edmund hits you with a +0 dire flail of venom!
You are more poisoned.
You barely miss the hobgoblin.
The hobgoblin is moderately wounded.
You hit Edmund.
You feel extremely sick. The hobgoblin is struck by your spines.
You kill the hobgoblin!
You block Edmund's attack.
You hit Edmund.
Edmund is severely wounded.
You feel very sick. Edmund barely misses you.
You slash Edmund!
Edmund is almost dead.
You feel very sick.
Edmund asks, "Have you met my wondrous brother?"
Edmund barely misses you.
Edmund hits you with a +0 dire flail of venom!
* * * LOW HITPOINT WARNING * * *
You are more poisoned.
It was a potion of resistance.
You feel protected.
You die...

(....#....### #
#....##.((##
..#.....#..##
##.#.###.##.##
#.8. ##.♣.##.##
##.###.#.####.##
##.#.#.#.#.#..#
#.8.###.⌠.#@#
##.#.#.#.#.@# .
##.#.####/.# ⌠.
##.8.##...#
.#.###.##...##
#.....#.....#
.............###
.............#.#
....<...>...##.#
.....#.....##..#


You could see Edmund.

Vanquished Creatures
  An ogre (D:4)
  3 adders
  A shadow imp (D:4)
  A worm (D:3)
  2 dart slugs
  An orc (D:3)
  10 ball pythons
  6 endoplasms
  4 giant cockroaches
  4 goblins
  8 hobgoblins
  6 quokkas
  4 bats
  3 frilled lizards
  7 kobolds
  3 rats
64 creatures vanquished.

Notes
Turn   | Place    | Note
-------+----------+-------------------------------------------
     0 | D:1      | gelatine the Demonspawn Fighter began the quest for the
                  | Orb.
     0 | D:1      | Reached XP level 1. HP: 18/18 MP: 1/1
   188 | D:1      | Gained mutation: You are partially covered in sharp spines.
                  | [demonic ancestry]
   188 | D:1      | Reached XP level 2. HP: 24/24 MP: 2/2
   532 | D:1      | Reached XP level 3. HP: 29/29 MP: 3/3
  1381 | D:3      | Found Itheck's Magic Scroll Shoppe.
  1394 | D:3      | Bought a scroll of identify for 28 gold pieces
  1405 | D:3      | Found a bloodstained altar of Trog.
  1565 | D:3      | Found an ancient bone altar of Kikubaaqudgha.
  1569 | D:3      | Gained mutation: Your touch may inflict minor irresistible
                  | damage on your foes. [demonic ancestry]
  1569 | D:3      | Reached XP level 4. HP: 35/35 MP: 4/4
  2112 | D:4      | Noticed an ogre
  2124 | D:4      | Killed an ogre
  2125 | D:4      | Reached XP level 5. HP: 41/41 MP: 5/5
  2179 | D:4      | Noticed a +0 spear
  2179 | D:4      | Noticed a +0 dagger
  2180 | D:4      | Noticed a +0 dagger
  2181 | D:4      | Noticed a +0 falchion
  2181 | D:4      | Noticed a +0 short sword
  2197 | D:4      | Noticed a +0 spear
  2283 | D:4      | Noticed Edmund
  2310 | D:4      | Succumbed to Edmund's poison

Illustrated notes

Levels and vault maps discovered:
D:1:      kennysheep_arrival_forest, layout_loops_ring,
          minmay_misc_feat_four_crosses, minmay_misc_feat_square
D:2:      layout_loops_ring, minmay_tripent
D:3:      layout_basic, nicolae_overflow_crystal_walls,
          kiku_gazebo_garden_becter, serial_shops, shop,
          hangedman_decor_clover_reticule, kennysheep_generic_room_9
D:4:      layout_rooms, nicolae_uskayaw_en_pointe, serial_shops, shop,
          ebering_ghost_gozag, grunt_decor_mini_mirrors, uniq_edmund

Skill      XL: |  1  2  3  4 |
---------------+-------------+-----
Axes           | 2 3 |  3.7
Shields        | 3 |  3.3
Armour         | 3 |  3.3
Fighting       | |  3.5
Dodging        | |  0.9

Action                     |  1- 3 |  4- 6 || total
---------------------------+-------+-------++-------
  Melee: War axe           |    92 |    32 ||   124
  Throw: Dart              |       |    11 ||    11
    Use: Scroll            |     2 |     1 ||     3
         Potion            |       |     1 ||     1
 Armour: Scale mail        |    38 |    16 ||    54
  Dodge: Dodged            |    29 |    13 ||    42
  Block: Buckler           |    15 |     8 ||    23

Table legend: (Time is in decaauts)
 A = Elapsed time spent in this place.
 B = Non-inter-level travel time spent in this place.
 C = Inter-level travel time spent in this place.
 D = Time resting spent in this place.
 E = Time spent auto-exploring this place.
 F = Levels seen in this place.
 G = Mean time per level.
                   A        B        C        D        E       F      G
               +--------+--------+--------+--------+--------+-----+--------+
         Total |   2357 |   2244 |    113 |      0 |   1781 |   4 |  589.2 |
       Dungeon |   2357 |   2244 |    113 |      0 |   1781 |   4 |  589.2 |
               +--------+--------+--------+--------+--------+-----+--------+

Top non-repeatable levels by time:
     D:1: 730 daAuts
     D:3: 706 daAuts
     D:2: 670 daAuts
     D:4: 250 daAuts
